SAA
LONG ISLAND SEAWOLVES @ NORTHVILLE ECLIPSE
07/01/2034
 
TOP OF THE 1ST
Long Island Seawolves batting - Pitching for Northville Eclipse : LHP Will Kirby
Pitching: LHP Will Kirby
Batting: SHB Cheong-hun Kang 0-0: Ball
1-0: Ground out 5-3 (Groundball, 56S)
Batting: RHB Taua Naituyaga 0-0: Ball
1-0: Ball
2-0: Called Strike
2-1: SOLO HOME RUN (Flyball, 7D), Distance : 410 ft
Batting: RHB John Shultz 0-0: Called Strike
0-1: Ball
1-1: Foul Ball, location: 2F
1-2: Foul Ball, location: 2F
1-2: Strikes out swinging
Batting: RHB John Mayasich 0-0: Called Strike
0-1: SINGLE (Flyball, 7LS)
Batting: SHB Alexei Ponikarov 0-0: Ball
1-0: Called Strike
1-1: Called Strike
1-2: Ball
2-2: Strikes out swinging
Top of the 1st over - 1 run, 2 hits, 0 errors, 1 left on base; Long Island 1 - Northville 0
BOTTOM OF THE 1ST
Northville Eclipse batting - Pitching for Long Island Seawolves : RHP Joe Wilson
Pitching: RHP Joe Wilson
Batting: RHB Rod Shortall 0-0: Ball
1-0: Foul Ball, location: 2F
1-1: Swinging Strike
1-2: Foul Ball, location: 2F
1-2: Foul Ball, location: 2F
1-2: Ball
2-2: Ground out 5-3 (Groundball, 5)
Batting: LHB Gilberto Ocasio 0-0: Ball
1-0: Foul Ball, location: 2F
1-1: Swinging Strike
1-2: Ball
2-2: Foul Ball, location: 2F
2-2: Strikes out swinging
Batting: RHB Sidney Mackell 0-0: Called Strike
0-1: Ball
1-1: Ball
2-1: Called Strike
2-2: Foul Ball, location: 2F
2-2: Ball
3-2: Base on Balls
Batting: LHB Jesús Guillén 0-0: Ball
Sidney Mackell steals 2nd base
1-0: Ball
2-0: SINGLE (Line Drive, 56D)
Sidney Mackell to third
Batting: LHB Qing-nian Zexian 0-0: Swinging Strike
0-1: Ball
1-1: Called Strike
1-2: Ball
2-2: Strikes out swinging
Bottom of the 1st over - 0 runs, 1 hit, 0 errors, 2 left on base; Long Island 1 - Northville 0
TOP OF THE 2ND
Long Island Seawolves batting - Pitching for Northville Eclipse : LHP Will Kirby
Batting: RHB Nigel Sturges 0-0: Bunted foul
0-1: Foul Ball, location: 2F
0-2: Ball
1-2: Ball
2-2: Ball
3-2: Foul Ball, location: 2F
3-2: Foul Ball, location: 2F
3-2: Foul Ball, location: 2F
3-2: Base on Balls
Batting: RHB Javier De La Garza 0-0: Called Strike
0-1: Called Strike
0-2: Ball
1-2: Ball
2-2: Foul Ball, location: 2F
2-2: Foul Ball, location: 2F
2-2: SINGLE (Groundball, 34S) (infield hit)
Nigel Sturges to second
Batting: RHB Shigeaki Samurakami 0-0: Swinging Strike
0-1: Ball
1-1: Swinging Strike
1-2: Strikes out swinging
Batting: SHB Mick Chaundy 0-0: Foul Ball, location: 2F
0-1: Foul Ball, location: 2F
0-2: Grounds into double play, 3-6-3 (Groundball, 34)
Top of the 2nd over - 0 runs, 1 hit, 0 errors, 1 left on base; Long Island 1 - Northville 0
BOTTOM OF THE 2ND
Northville Eclipse batting - Pitching for Long Island Seawolves : RHP Joe Wilson
Batting: LHB Lonnie Murray 0-0: Called Strike
0-1: Ball
1-1: Ball
2-1: Swinging Strike
2-2: Fly out, F4 (Line Drive, 4)
Batting: LHB Raymond Dudzinski 0-0: Called Strike
0-1: Foul Ball, location: 2F
0-2: Ball
1-2: Fly out, F8 (Flyball, 8LS)
Batting: RHB Tucker Kinney 0-0: Ball
1-0: Ground out 4-3 (Groundball, 4)
Bottom of the 2nd over - 0 runs, 0 hits, 0 errors, 0 left on base; Long Island 1 - Northville 0
TOP OF THE 3RD
Long Island Seawolves batting - Pitching for Northville Eclipse : LHP Will Kirby
Batting: SHB Cheong-hun Kang 0-0: Ball
1-0: Foul Ball, location: 2F
1-1: Foul Ball, location: 2F
1-2: Foul Ball, location: 2F
1-2: Ball
2-2: Ball
3-2: Foul Ball, location: 2F
3-2: Base on Balls
Batting: RHB Taua Naituyaga 0-0: Called Strike
Cheong-hun Kang steals 2nd base
0-1: Ball
1-1: Ball
2-1: SINGLE (Flyball, 3D)
Cheong-hun Kang to third
Runner from 3rd tries for Home, SAFE, no throw
Batting: RHB John Shultz 0-0: Ball
1-0: Called Strike
1-1: Called Strike
1-2: Fly out, F7 (Flyball, 78XD)
Runner from 1st tags up, SAFE at 2nd
Batting: RHB John Mayasich 0-0: Called Strike
0-1: Ball
1-1: Ball
2-1: DOUBLE (Line Drive, 7D)
Taua Naituyaga scores
Batting: SHB Alexei Ponikarov 0-0: Swinging Strike
0-1: Foul Ball, location: 2F
0-2: Ball
1-2: Ball
2-2: Foul Ball, location: 2F
2-2: Strikes out swinging
Batting: RHB Nigel Sturges 0-0: Called Strike
0-1: Foul Ball, location: 2F
0-2: Ball
Wild Pitch!
John Mayasich to third
1-2: Strikes out swinging
Top of the 3rd over - 2 runs, 2 hits, 0 errors, 1 left on base; Long Island 3 - Northville 0
BOTTOM OF THE 3RD
Northville Eclipse batting - Pitching for Long Island Seawolves : RHP Joe Wilson
Batting: RHB Miguel Betancourt 0-0: Called Strike
0-1: Ball
1-1: Swinging Strike
1-2: Ball
2-2: Foul Ball, location: 2F
2-2: Foul Ball, location: 2F
2-2: Fly out, F7 (Line Drive, 78M)
Batting: RHB Rod Shortall 0-0: Called Strike
0-1: Ball
1-1: Foul Ball, location: 2F
1-2: Ball
2-2: Ball
3-2: Foul Ball, location: 2F
3-2: Ground out 6-3 (Groundball, 6S)
Batting: LHB Gilberto Ocasio 0-0: Ball
1-0: Swinging Strike
1-1: Ball
2-1: Called Strike
2-2: Strikes out swinging
Bottom of the 3rd over - 0 runs, 0 hits, 0 errors, 0 left on base; Long Island 3 - Northville 0
TOP OF THE 4TH
Long Island Seawolves batting - Pitching for Northville Eclipse : LHP Will Kirby
Batting: RHB Javier De La Garza 0-0: Ball
1-0: SINGLE (Groundball, 25) (infield hit)
Batting: RHB Shigeaki Samurakami 0-0: Ball
1-0: Ground out U3 (Groundball, 34)
Javier De La Garza to second
Batting: SHB Mick Chaundy 0-0: Ball
1-0: Foul Ball, location: 2F
1-1: Ball
2-1: Swinging Strike
2-2: Ball
Passed Ball!
Javier De La Garza to third
3-2: Foul Ball, location: 2F
3-2: Strikes out swinging
Batting: SHB Cheong-hun Kang 0-0: Ball
1-0: Called Strike
1-1: Ball
2-1: Ground out 6-3 (Groundball, 6)
Top of the 4th over - 0 runs, 1 hit, 0 errors, 1 left on base; Long Island 3 - Northville 0
BOTTOM OF THE 4TH
Northville Eclipse batting - Pitching for Long Island Seawolves : RHP Jing-shuan Thum
Pitching: RHP Jing-shuan Thum
Batting: RHB Sidney Mackell 0-0: Foul Ball, location: 2F
0-1: Ball
1-1: Ball
2-1: Foul Ball, location: 2F
2-2: SINGLE (Groundball, 3D)
Batting: LHB Jesús Guillén 0-0: Called Strike
0-1: Ball
1-1: Swinging Strike
1-2: Ball
2-2: Ground out U3 (Groundball, 34S)
Sidney Mackell to second
Batting: LHB Qing-nian Zexian 0-0: Ball
1-0: Ball
2-0: DOUBLE (Flyball, 8LXD)
Sidney Mackell scores
Batting: LHB Lonnie Murray 0-0: Called Strike
0-1: Ball
1-1: Foul Ball, location: 2F
1-2: Ball
2-2: Fly out, F8 (Line Drive, 8LD)
Batting: LHB Raymond Dudzinski 0-0: Called Strike
0-1: Swinging Strike
0-2: Strikes out swinging
Bottom of the 4th over - 1 run, 2 hits, 0 errors, 1 left on base; Long Island 3 - Northville 1
TOP OF THE 5TH
Long Island Seawolves batting - Pitching for Northville Eclipse : LHP Will Kirby
Batting: RHB Taua Naituyaga 0-0: Called Strike
0-1: Swinging Strike
0-2: Strikes out looking
Batting: RHB John Shultz 0-0: SINGLE (Flyball, 7LS)
Batting: RHB John Mayasich 0-0: Foul Ball, location: 2F
0-1: Ball
1-1: Foul Ball, location: 2F
1-2: Ball
2-2: Strikes out swinging
Batting: SHB Alexei Ponikarov 0-0: Called Strike
0-1: Foul Ball, location: 2F
0-2: Ball
1-2: Reached via error on a dropped throw, E1
John Shultz to second
Batting: RHB Nigel Sturges 0-0: Ball
1-0: Ball
2-0: Ball
3-0: Called Strike
3-1: Swinging Strike
3-2: Ground out 1-3 (Groundball, 13)
Top of the 5th over - 0 runs, 1 hit, 1 error, 2 left on base; Long Island 3 - Northville 1
BOTTOM OF THE 5TH
Northville Eclipse batting - Pitching for Long Island Seawolves : RHP Jing-shuan Thum
Batting: RHB Tucker Kinney 0-0: Ball
1-0: Foul Ball, location: 2F
1-1: Ball
2-1: DOUBLE (Line Drive, 7LD)
Batting: RHB Miguel Betancourt 0-0: Foul Ball, location: 2F
0-1: Called Strike
0-2: Ball
1-2: Ball
2-2: Ground out 6-3 (Groundball, 6)
Batting: RHB Rod Shortall 0-0: Ball
1-0: 2-RUN HOME RUN (Flyball, 7LD), Distance : 370 ft
Batting: LHB Gilberto Ocasio 0-0: Ball
1-0: Foul Ball, location: 2F
1-1: Ball
2-1: Ball
3-1: TRIPLE (Flyball, 78XD)
Batting: RHB Sidney Mackell 0-0: Ball
1-0: Called Strike
1-1: Foul Ball, location: 2F
1-2: Ball
2-2: Foul Ball, location: 2F
2-2: Foul Ball, location: 2F
2-2: Foul Ball, location: 2F
2-2: SINGLE (Groundball, 34)
Gilberto Ocasio scores
Batting: LHB Jesús Guillén 0-0: Swinging Strike
0-1: Called Strike
0-2: Ball
1-2: Foul Ball, location: 2F
1-2: Foul Ball, location: 2F
1-2: Fielders Choice at 2nd, 6-4 (Groundball, 6)
Batting: LHB Qing-nian Zexian 0-0: Ball
1-0: Ball
2-0: Ball
3-0: Called Strike
3-1: DOUBLE (Line Drive, 78D)
Jesús Guillén to third
Runner from 3rd tries for Home, SAFE, no throw
Batting: LHB Lonnie Murray 0-0: SINGLE (Groundball, 56D)
Qing-nian Zexian to third
Runner from 3rd tries for Home, SAFE, no throw
Pitching: RHP Galal Lone
Batting: LHB Raymond Dudzinski 0-0: Ball
1-0: Called Strike
1-1: Swinging Strike
1-2: Ball
2-2: Ball
3-2: Ground out 4-3 (Groundball, 4)
Bottom of the 5th over - 5 runs, 6 hits, 0 errors, 1 left on base; Long Island 3 - Northville 6
TOP OF THE 6TH
Long Island Seawolves batting - Pitching for Northville Eclipse : LHP Will Kirby
Batting: RHB Javier De La Garza 0-0: Called Strike
0-1: Foul Ball, location: 2F
0-2: Ball
1-2: Ball
2-2: Ground out 6-3 (Groundball, 56)
Batting: RHB Shigeaki Samurakami 0-0: Foul Ball, location: 2F
0-1: Foul Ball, location: 2F
0-2: Strikes out swinging
Batting: SHB Mick Chaundy 0-0: Called Strike
0-1: Called Strike
0-2: Strikes out swinging
Top of the 6th over - 0 runs, 0 hits, 0 errors, 0 left on base; Long Island 3 - Northville 6
BOTTOM OF THE 6TH
Northville Eclipse batting - Pitching for Long Island Seawolves : RHP Galal Lone
Batting: RHB Tucker Kinney 0-0: Ball
1-0: Ball
2-0: Called Strike
2-1: Fly out, F9 (Line Drive, 9)
Batting: RHB Miguel Betancourt 0-0: Foul Ball, location: 2F
0-1: Ball
1-1: Ground out 5-3 (Groundball, 56)
Batting: RHB Rod Shortall 0-0: Ball
1-0: Swinging Strike
1-1: Swinging Strike
1-2: Foul Ball, location: 2F
1-2: Fly out, F8 (Flyball, 8RM)
Bottom of the 6th over - 0 runs, 0 hits, 0 errors, 0 left on base; Long Island 3 - Northville 6
TOP OF THE 7TH
Long Island Seawolves batting - Pitching for Northville Eclipse : LHP Will Kirby
Batting: SHB Cheong-hun Kang 0-0: Bunt missed!
0-1: Fly out, F6 (Line Drive, 6)
Batting: RHB Taua Naituyaga 0-0: Ground out 6-3 (Groundball, 6)
Batting: RHB John Shultz 0-0: Swinging Strike
0-1: SINGLE (Line Drive, 34D)
Pitching: RHP Melvin Turner
Batting: RHB John Mayasich 0-0: Ball
John Shultz steals 2nd base
1-0: Fly out, F9 (Flyball, 9S)
Top of the 7th over - 0 runs, 1 hit, 0 errors, 1 left on base; Long Island 3 - Northville 6
BOTTOM OF THE 7TH
Northville Eclipse batting - Pitching for Long Island Seawolves : RHP Galal Lone
Batting: LHB Gilberto Ocasio 0-0: Foul Ball, location: 2F
0-1: Ball
1-1: Fly out, F3 (Popup, 3F)
Batting: RHB Sidney Mackell 0-0: Ball
1-0: Fly out, F7 (Flyball, 7S)
Batting: LHB Jesús Guillén 0-0: Foul Ball, location: 2F
0-1: Called Strike
0-2: Fly out, F8 (Flyball, 8RM)
Bottom of the 7th over - 0 runs, 0 hits, 0 errors, 0 left on base; Long Island 3 - Northville 6
TOP OF THE 8TH
Long Island Seawolves batting - Pitching for Northville Eclipse : RHP Melvin Turner
Batting: SHB Alexei Ponikarov 0-0: Called Strike
0-1: Ball
1-1: Foul Ball, location: 2F
1-2: Ball
2-2: Ball
3-2: Foul Ball, location: 2F
3-2: Strikes out swinging
Batting: RHB Nigel Sturges 0-0: Ball
1-0: Ball
2-0: Foul Ball, location: 2F
2-1: Foul Ball, location: 2F
2-2: Ball
3-2: Foul Ball, location: 2F
3-2: Foul Ball, location: 2F
3-2: Foul Ball, location: 2F
3-2: Strikes out swinging, 2-3 out at first.
Batting: RHB Javier De La Garza 0-0: Called Strike
0-1: Called Strike
0-2: Ball
1-2: Ball
2-2: Ball
3-2: Strikes out swinging, 2-3 out at first.
Top of the 8th over - 0 runs, 0 hits, 0 errors, 0 left on base; Long Island 3 - Northville 6
BOTTOM OF THE 8TH
Northville Eclipse batting - Pitching for Long Island Seawolves : RHP Galal Lone
Batting: LHB Qing-nian Zexian 0-0: Ball
1-0: SINGLE (Flyball, 78M)
Batting: LHB Lonnie Murray 0-0: Swinging Strike
0-1: Fly out, F9 (Line Drive, 9)
Batting: LHB Raymond Dudzinski 0-0: Called Strike
0-1: Ball
1-1: Ball
2-1: SINGLE (Line Drive, 4)
Qing-nian Zexian to second
Batting: RHB Tucker Kinney 0-0: Ball
Wild Pitch!
Qing-nian Zexian to third
Raymond Dudzinski to second
1-0: Intentional Walk
Batting: RHB Miguel Betancourt 0-0: Called Strike
0-1: Ball
1-1: Called Strike
1-2: SINGLE (Flyball, 4D)
Qing-nian Zexian scores
Raymond Dudzinski to third
Tucker Kinney to second
Batting: RHB Rod Shortall 0-0: Ball
1-0: Foul Ball, location: 2F
1-1: Ball
2-1: Fly out, F8 (Line Drive, 8LM)
Runner from 3rd tags up, OUT at HOME
Bottom of the 8th over - 1 run, 3 hits, 0 errors, 2 left on base; Long Island 3 - Northville 7
TOP OF THE 9TH
Long Island Seawolves batting - Pitching for Northville Eclipse : RHP Melvin Turner
Batting: RHB Shigeaki Samurakami 0-0: Ground out U3 (Groundball, 3S)
Batting: SHB Mick Chaundy 0-0: Called Strike
0-1: Foul Ball, location: 2F
0-2: Fly out, F8 (Flyball, 8RM)
Batting: SHB Cheong-hun Kang 0-0: Fly out, F8 (Flyball, 89M)
Top of the 9th over - 0 runs, 0 hits, 0 errors, 0 left on base; Long Island 3 - Northville 7
Friday, March 29th, 2019 - OOTP Baseball 18.8 Build 76